 Dungeon Crawl Stone Soup version 0.19.1 (webtiles) character file.

102097 AAAAA the Cruncher (level 15, -28/118 HPs)
             Began as a Demigod Wanderer on Nov 28, 2016.
             Killed from afar by a deep elf knight (39 damage)
             ... with a stone arrow
             ... on level 1 of the Elven Halls.
             The game lasted 01:21:28 (41458 turns).

AAAAA the Cruncher (Demigod Wanderer)              Turns: 41458, Time: 01:21:29

Health: -28/118    AC: 20    Str: 21    XL:     15   Next: 39%
Magic:  0/26       EV: 16    Int: 18    God:
Gold:   877        SH:  0    Dex: 17    Spells: 0 memorised, 22 levels left

rFire  + . .     SeeInvis .     a - +9 lajatang (venom)
rCold  + . .     Gourm    .     p - +2 scale mail {rC+}
rNeg   + + +     Faith    .     (shield currently unavailable)
rPois  +         Spirit   +     T - +2 helmet
rElec  .         Reflect  .     x - +0 cloak
rCorr  .         Harm     .     z - +0 pair of gloves
MR     ++...                    k - +2 pair of boots "Vyonubbe" {rPois rF++ rC- rN+++}
Stlth  +.........               M - amulet of guardian spirit
                                (no ring)
                                D - ring of ice

@: no status effects
A: high mp 1, magic resistance 1
a: no special abilities


You were on level 1 of the Elven Halls.
You were near starving.

You visited 6 branches of the dungeon, and saw 26 of its levels.

You collected 2483 gold pieces.
You spent 1606 gold pieces at shops.

Inventory:

Hand Weapons
 a - a +9 lajatang of venom (weapon)
 b - the +12 hand crossbow "Oguche" {penet, Str+6}
   (You found it on level 6 of the Lair of Beasts)

   Ammo fired by it will pass through the targets it hits, potentially hitting
   all targets in its path until it reaches maximum range.
   It affects your strength (+6).
Missiles
 g - 162 bolts
Armour
 k - the +2 pair of boots "Vyonubbe" (worn) {rPois rF++ rC- rN+++}
   (You bought it in a shop on level 2 of the Orcish Mines)

   It greatly protects you from fire.
   It makes you vulnerable to cold.
   It protects you from poison.
   It renders you almost immune to negative energy.
 p - a +2 scale mail of cold resistance (worn)
 x - a +0 cloak (worn)
 z - a +0 pair of gloves (worn)
 T - a +2 helmet (worn)
Rods
 u - a +5 rod of clouds (1/12)
   (You found it on level 6 of the Lair of Beasts)
Jewellery
 D - a ring of ice (left hand)
 M - an amulet of guardian spirit (around neck)
 O - the ring of Xuigurghi {rElec Str+2 Slay-3}
   (You found it on level 15 of the Dungeon)

   [ring of slaying]

   It affects your strength (+2).
   It affects your accuracy and damage with ranged weapons and melee attacks
   (-3).
   It insulates you from electricity.
Wands
 d - a wand of acid (4/15)
 F - a wand of digging (14/24)
 G - a wand of paralysis (18/24)
 K - a wand of digging (9/24)
 V - a wand of disintegration (11/24)
 Y - a wand of disintegration (15/24)
Scrolls
 e - 4 scrolls of magic mapping
 h - a scroll of brand weapon
 j - 6 scrolls of fear
 m - 5 scrolls of teleportation
 n - 3 scrolls of enchant weapon
 w - 4 scrolls of noise
 y - a scroll of identify
 C - 7 scrolls of remove curse
 H - 7 scrolls of fog
 I - 2 scrolls of recharging
 L - 3 scrolls of enchant armour
 U - a scroll of blinking
 W - 2 scrolls of immolation
 X - 3 scrolls of vulnerability
Potions
 c - 5 potions of curing
 i - 3 potions of mutation
 l - a potion of agility
 o - 4 potions of brilliance
 q - 3 potions of ambrosia
 r - 4 potions of lignification
 t - 2 potions of cancellation
 v - a potion of magic
 B - a potion of resistance
 E - 4 potions of flight
 J - 6 potions of haste
 N - a potion of invisibility
 R - 5 potions of heal wounds
Books
 Z - a book of Callings

   Spells                             Type                      Level
   a - Summon Small Mammal            Summoning                    1
   b - Call Imp                       Summoning                    2
   c - Call Canine Familiar           Summoning                    3
   d - Summon Guardian Golem          Hexes/Summoning              3
   e - Summon Lightning Spire         Summoning/Air                4
   f - Summon Ice Beast               Ice/Summoning                4
Comestibles
 f - 14 bread rations
 s - 11 meat rations
 A - 9 fruits
 P - 11 chunks of flesh


   Skills:
 - Level 7.1 Fighting
   Level 5.5(10.5) Polearms
 + Level 13.6(14.0) Staves
 * Level 13.4 Crossbows
 + Level 9.4 Armour
 + Level 9.1 Dodging
 - Level 1.7 Stealth
 - Level 4.1 Spellcasting
 * Level 9.2 Evocations


You had 22 spell levels left.
You didn't know any spells.

Dungeon Overview and Level Annotations

Branches:
Dungeon (15/15)            Temple (1/1) D:5            Lair (6/6) D:8
 Shoals (0/4) Lair:4        Snake (0/4) Lair:4        Slime (0/5) Lair:6
    Orc (2/2) D:11            Elf (1/3) Orc:2        Vaults (0/5) D:13
 Depths (1/5) D:15

Shops:
D:5 ?   Orc:2 !*([

Portals:
Bazaar: Elf:1

Annotations:
D:14 dricus's ghost, journeyman GrBe
Depths:1 Emotherapy's ghost, adept DsWn


Innate Abilities, Weirdness & Mutations

You have an increased reservoir of magic. (+10% MP)
You are resistant to hostile enchantments. (MR+)


Message History

The deep elf knight gestures at you while chanting.
The orb of energy hits you!
The orb of energy explodes!
You feel better.
The deep elf knight hits you but does no damage.
The deep elf knight hits you with a short sword!
You miss the deep elf knight.
The deep elf knight gestures at you while chanting.
The stone arrow hits you!
* * * LOW HITPOINT WARNING * * *
Unknown command.
The deep elf knight gestures at you while chanting.
The stone arrow misses you.
The deep elf knight points at you and mumbles some strange words.
The stone arrow hits you!
* * * LOW HITPOINT WARNING * * *
You open the large door.
A water elemental comes into view.
The deep elf knight gestures at you while chanting.
The stone arrow hits you!
You die...

,,,,,,,,,,,+.......#
,,,,,,,,,,,+.......#********
*,****,,***#.......#,,,,,,,*
*,* *,,* #..(....+,,,,,*,* ,,*
*,,* #.......#,*****,* ,,* *,,*
#E(.....#,* *,*
#+####++####......E#,* **+**
...........(.###''##,* **,,,**
...........e.# #@.#*,***,,,,,**
.............# #..#*,**,,,,,,,*
$...........e###e.##.#,,,,,,,,*
............Ee)......+,,>,,,,**
#...........e###.....#,,,,,,**
##..........## ##..###*,,,,**
###........## *..# **,,**
.....#####+#*****..# ****
......# *,,,,,,,,..#


You could see a deep elf knight and a water elemental.

Vanquished Creatures
  A ghost moth (shapeshifter) (D:13)
  The ghost of TheSquall the Severer, a journeyman MiBe of Trog (D:14)
  A dire elephant (D:15)
  Josephine (D:12)
  4 vault guards (D:13)
  A naga warrior (Lair:4)
  2 rakshasas
  8 hydras
  3 catoblepae (Lair:6)
  18 death yaks
  5 orc high priests
  Urug (D:10)
  A spriggan berserker (D:15)
  Nergalle (Lair:3)
  A deep elf knight (Elf:1)
  The ghost of Mercurio the Orderly, a novice DsGl of Makhleb (D:7)
  A skeletal warrior (D:15)
  3 unseen horrors
  A sea snake (Lair:4)
  Pikel (D:8)
  A deep elf mage (Elf:1)
  8 hill giants
  4 orc knights
  4 orc sorcerers
  An oklob plant (Lair:3)
  5 ugly things
  A wolf spider (D:15)
  2 cyclopes
  A manticore (D:13)
  12 elephants
  7 black mambas
  A guardian serpent (Lair:4)
  A centaur zombie (D:13)
  Maurice (D:12)
  9 spiny frogs
  2 gargoyles
  6 rime drakes
  9 komodo dragons
  2 centaur skeletons
  A freezing wraith (D:15)
  A rime drake (shapeshifter) (D:15)
  4 polar bears
  9 trolls
  A harpy zombie (D:15)
  3 two-headed ogres
  A hornet (D:14)
  13 blink frogs
  10 slime creatures
  8 hippogriffs
  3 meliai zombies
  Sigmund (D:5)
  16 flying skulls (D:15)
  4 dream sheep (Lair:4)
  A vampire (D:12)
  4 wyverns
  4 wraiths
  A human (D:8)
  63 yaks
  2 basilisks
  4 hungry ghosts
  A vampire mosquito (D:15)
  3 wargs
  2 mottled dragons
  2 soldier ants
  A warg (shapeshifter) (D:12)
  12 water moccasins
  16 orc warriors
  8 porcupines
  A slave (D:8)
  2 black bears
  3 ice beasts
  4 sky beasts
  An eye of draining (D:15)
  2 phantoms
  15 ogres
  3 boggarts (D:15)
  3 necrophages
  16 wolves
  7 centaurs
  15 crocodiles
  3 big kobolds
  18 bullfrogs
  A gnoll sergeant (D:8)
  2 scorpions
  13 killer bees
  3 howler monkeys
  11 wights
  3 crimson imps
  3 electric eels
  7 hounds
  3 bullfrog zombies
  3 bullfrog skeletons
  18 orc priests
  2 gnoll shamans
  2 jellies
  16 orc wizards
  Jessica (D:3)
  8 iguanas
  Terence (D:2)
  8 worker ants
  A howler monkey zombie (D:9)
  21 gnolls
  15 adders
  7 shadow imps
  An ooze (D:1)
  2 adder zombies
  2 worms
  2 dart slugs
  8 leopard geckos
  68 orcs
  4 giant cockroaches
  12 goblins
  8 hobgoblins
  15 jackals
  25 kobolds
  4 quokkas
  3 ball pythons
  3 bats
  5 frilled lizards
  A jackal zombie (D:6)
  2 quokka skeletons (D:8)
  9 rats
  A butterfly (Lair:6)
  2 plants (D:9)
751 creatures vanquished.

Vanquished Creatures (collateral kills)
  A fungus (Lair:6)
  A plant (Lair:6)
2 creatures vanquished.

Vanquished Creatures (others)
  A hydra (D:8)
  11 fungi
  17 plants
29 creatures vanquished.

Grand Total: 782 creatures vanquished

Notes
Turn   | Place    | Note
-------+----------+-------------------------------------------
     0 | D:1      | AAAAA the Demigod Wanderer began the quest for the Orb.
     0 | D:1      | AAAAA set off with: a +2 scale mail, a +0 spear, a potion of curing, a +0 dagger, a bread ration
     0 | D:1      | Reached XP level 1. HP: 17/17 MP: 6/6
   211 | D:1      | Reached XP level 2. HP: 20/25 MP: 8/8
   885 | D:2      | Reached XP level 3. HP: 29/31 MP: 9/9
  1458 | D:2      | Noticed Terence
  1528 | D:2      | Killed Terence
  1528 | D:2      | Reached XP level 4. HP: 29/40 MP: 10/10
  2135 | D:2      | Found a deep blue altar of Sif Muna.
  2154 | D:2      | Found a radiant altar of Vehumet.
  2154 | D:2      | Found a hide-covered altar of Uskayaw.
  2155 | D:2      | Found a sparkling altar of Nemelex Xobeh.
  2158 | D:2      | Found an opulent altar of Gozag.
  2325 | D:3      | Noticed an ogre
  2379 | D:3      | Killed an ogre
  2379 | D:3      | Reached skill level 5 in Fighting
  2379 | D:3      | Reached XP level 5. HP: 29/48 MP: 11/11
  3857 | D:3      | Reached XP level 6. HP: 53/57 MP: 13/13
  3903 | D:3      | Noticed Jessica
  3923 | D:3      | Killed Jessica
  5991 | D:5      | Entered Level 5 of the Dungeon
  5991 | D:5      | Found Nayfo's Magic Scroll Emporium.
  6279 | D:4      | Reached skill level 1 in Polearms
  6335 | D:5      | Bought a scroll of fog for 20 gold pieces
  6335 | D:5      | Bought a scroll of fog for 20 gold pieces
  6335 | D:5      | Bought a scroll of remove curse for 30 gold pieces
  6335 | D:5      | Bought a scroll of enchant weapon for 75 gold pieces
  6430 | D:5      | Reached XP level 7. HP: 19/66 MP: 14/14
  7154 | D:5      | Found a staircase to the Ecumenical Temple.
  7188 | Temple   | Entered the Ecumenical Temple
  7511 | D:5      | Noticed Sigmund
  7537 | D:5      | Killed Sigmund
  7944 | D:5      | Reached skill level 5 in Polearms
  8447 | D:5      | Reached XP level 8. HP: 19/73 MP: 15/15
  8963 | D:6      | Found an iron altar of Okawaru.
  9005 | D:6      | Found a shimmering altar of Xom.
  9092 | D:6      | Reached skill level 1 in Staves
 10233 | D:7      | Noticed Mercurio's ghost (novice DsGl)
 10678 | D:7      | Reached skill level 5 in Staves
 10806 | D:7      | Found a stormy altar of Qazlal.
 10947 | D:5      | Bought a scroll of brand weapon for 200 gold pieces
 11153 | D:7      | Killed Mercurio's ghost
 11153 | D:7      | Reached XP level 9. HP: 45/79 MP: 10/16
 11632 | D:7      | Got an encrusted plate armour
 11643 | D:7      | Identified the cursed +1 plate armour of Follow the Leader {Str+4} (You found it on level 7 of the Dungeon)
 12440 | D:8      | Noticed an elephant
 12440 | D:8      | Noticed Pikel
 12463 | D:8      | Killed an elephant
 12470 | D:8      | Killed Pikel
 12470 | D:8      | Reached skill level 10 in Staves
 12604 | D:8      | Found a staircase to the Lair.
 12755 | D:9      | Reached XP level 10. HP: 86/86 MP: 17/17
 13215 | D:9      | Reached skill level 1 in Crossbows
 14125 | D:9      | Found a sacrificial altar of Ru.
 14140 | D:9      | Noticed a brown ugly thing
 14440 | D:9      | Killed a brown ugly thing
 15449 | D:10     | Entered Level 10 of the Dungeon
 15846 | D:10     | Gained mutation: You are resistant to hostile enchantments. (MR+) [potion of beneficial mutation]
 16332 | Lair:1   | Entered Level 1 of the Lair of Beasts
 16332 | Lair:1   | Noticed a four-headed hydra
 16570 | D:8      | Killed a four-headed hydra
 16570 | D:8      | Reached skill level 5 in Crossbows
 16908 | Lair:1   | Reached XP level 11. HP: 85/92 MP: 18/18
 17773 | Lair:1   | Reached skill level 1 in Dodging
 17941 | Lair:1   | Got a slimy golden ring
 17991 | Lair:1   | Identified the ring "Haibos" {rPois rN+} (You found it on level 1 of the Lair of Beasts)
 18578 | Lair:2   | Noticed a seven-headed hydra
 19883 | Lair:2   | Noticed a four-headed hydra
 20732 | Lair:3   | Noticed Nergalle
 20993 | Lair:3   | Killed Nergalle
 20993 | Lair:3   | Reached skill level 5 in Armour
 21490 | Lair:3   | Reached XP level 12. HP: 97/100 MP: 19/19
 23385 | Lair:4   | Found a staircase to the Shoals.
 23499 | Lair:4   | Reached skill level 5 in Dodging
 23675 | Lair:4   | Found a staircase to the Snake Pit.
 23883 | Lair:4   | Noticed a naga warrior
 24010 | Lair:4   | Reached skill level 10 in Crossbows
 24122 | Lair:4   | Killed a naga warrior
 25056 | Lair:5   | Noticed a five-headed hydra
 25065 | Lair:5   | Killed a five-headed hydra
 26266 | Lair:6   | Entered Level 6 of the Lair of Beasts
 26593 | Lair:6   | Noticed an eight-headed hydra
 26598 | Lair:5   | Reached XP level 13. HP: 65/105 MP: 13/23
 26884 | Lair:6   | Found a viscous altar of Jiyva.
 26895 | Lair:6   | Identified a +3 rod of clouds (11/11) (You found it on level 6 of the Lair of Beasts)
 26950 | Lair:6   | Found a staircase to the Slime Pits.
 27033 | Lair:6   | Reached skill level 1 in Evocations
 30645 | Lair:6   | Reached skill level 5 in Evocations
 31026 | Lair:6   | Reached XP level 14. HP: 60/113 MP: 15/24
 31521 | Lair:6   | Got a jewelled hand crossbow
 31524 | Lair:6   | Identified the +12 hand crossbow "Oguche" {penet, Str+6} (You found it on level 6 of the Lair of Beasts)
 31962 | D:10     | Noticed Urug
 31978 | D:10     | Killed Urug
 32637 | D:11     | Found a staircase to the Orcish Mines.
 33550 | D:12     | Noticed Josephine
 33612 | D:12     | Killed Josephine
 34080 | D:12     | Noticed Maurice
 34095 | D:12     | Killed Maurice
 34933 | D:13     | Found a gate to the Vaults.
 35798 | D:14     | Noticed dricus's ghost (journeyman GrBe)
 36017 | D:13     | Killed a ghost moth
 36157 | D:14     | Found a basalt altar of Yredelemnul.
 36218 | D:14     | Noticed TheSquall's ghost (journeyman MiBe)
 36235 | D:14     | Killed TheSquall's ghost
 37216 | D:15     | Entered Level 15 of the Dungeon
 37326 | D:15     | Got a bound turquoise ring
 37329 | D:15     | Identified the cursed ring of Xuigurghi {rElec Str+2 Slay-3} (You found it on level 15 of the Dungeon)
 37556 | D:15     | Reached XP level 15. HP: 107/118 MP: 22/25
 37795 | D:15     | Found an opulent altar of Gozag.
 38270 | D:15     | Found a staircase to the Depths.
 38803 | Depths:1 | Entered Level 1 of the Depths
 38927 | Depths:1 | Noticed Emotherapy's ghost (adept DsWn)
 39053 | Orc:1    | Entered Level 1 of the Orcish Mines
 39465 | Orc:2    | Entered Level 2 of the Orcish Mines
 39645 | Orc:2    | Found a staircase to the Elven Halls.
 39721 | Orc:2    | Found a burning altar of Makhleb.
 41087 | Orc:2    | Found Wietik's Distillery.
 41087 | Orc:2    | Found Dohor's Armour Emporium.
 41097 | Orc:2    | Found Pyiluurr's Assorted Antiques.
 41097 | Orc:2    | Found Loifib's Weapon Emporium.
 41119 | Orc:2    | Bought the +2 pair of boots "Vyonubbe" {rPois rF++ rC- rN+++} for 686 gold pieces
 41130 | Orc:2    | Bought a scroll of identify for 66 gold pieces
 41130 | Orc:2    | Bought a scroll of identify for 66 gold pieces
 41130 | Orc:2    | Bought a scroll of enchant armour for 247 gold pieces
 41134 | Orc:2    | Bought a potion of resistance for 140 gold pieces
 41134 | Orc:2    | Bought a potion of agility for 56 gold pieces
 41374 | Elf:1    | Entered Level 1 of the Elven Halls
 41422 | Elf:1    | Found a flickering gateway to a bazaar.
 41458 | Elf:1    | Killed from afar by a deep elf knight

Skill      XL: |  1  2  3  4  5  6  7  8  9 10 11 12 13 14 15 |
---------------+----------------------------------------------+-----
Fighting       | 2 3 4 5 6 7 |  7.1
Polearms       | 1 5 |  5.5
Staves         | 7 10 11 12 13 | 13.6
Crossbows      | 5 9 10 12 13 | 13.4
Dodging        | 4 6 7 8 9 |  9.1
Armour         | 5 6 8 9 |  9.4
Spellcasting   | 4 |  4.1
Evocations     | 5 8 9 |  9.2
Stealth        | |  1.7

Action                   |  1- 3 |  4- 6 |  7- 9 | 10-12 | 13-15 || total
-------------------------+-------+-------+-------+-------+-------++-------
Melee: Spear             |   155 |   480 |   234 |       |       ||   869
       Falchion          |       |       |    30 |       |       ||    30
       Lajatang          |       |       |   265 |   674 |  1223 ||  2162
 Fire: Arbalest          |       |       |       |    35 |    22 ||    57
       Hand crossbow     |       |       |       |       |    19 ||    19
Evoke: Wand              |       |     4 |       |     3 |       ||     7
       Rod               |       |       |       |       |    49 ||    49
  Use: Scroll            |       |     6 |    13 |     9 |    20 ||    48
       Potion            |       |       |       |     3 |     1 ||     4
 Stab: Invisible         |       |       |       |     1 |       ||     1
       Paralysed         |       |       |       |     1 |       ||     1
       Confused          |       |       |       |       |    14 ||    14
  Eat: Chunk             |     2 |    15 |    20 |    41 |    53 ||   131
       Pizza             |       |       |     2 |     3 |     7 ||    12
       Beef jerky        |       |       |     1 |     1 |     3 ||     5
       Royal jelly       |       |       |       |       |     2 ||     2
Armor: Scale mail        |    69 |   206 |   142 |       |    21 ||   438
       Plate armour      |       |       |   106 |   400 |   716 ||  1222
Dodge: Dodged            |    69 |   208 |   174 |   237 |   612 ||  1300
       Rpst.: Falchion   |       |       |     7 |       |       ||     7
